 Dungeon Crawl Stone Soup version 0.27-a0-773-gaaee5cf45b (webtiles) character file.

Game seed: 7582787950654297615

266 Demosthentine the Poker (level 6, 0/48 HPs)
             Began as a Merfolk Gladiator on Mar 25, 2021.
             Was an Initiate of the Shining One.
             Slain by Eustachio
             ... wielding a +0 rapier
              (7 damage)
             ... on level 4 of the Dungeon.
             The game lasted 00:03:10 (3155 turns).

Demosthentine the Poker (Merfolk Gladiator)         Turns: 3155, Time: 00:03:10

Health: 0/48       AC:  5    Str: 16      XL:     6   Next: 20%
Magic:  6/6        EV: 13    Int:  8      God:    the Shining One [......]
Gold:   27         SH:  0    Dex: 14 (15) Spells: 5/5 levels left

rFire    . . .     SeeInvis .   a - +1 trident
rCold    . . .     Faith    .   (no shield)
rNeg     . . .     Spirit   .   b - +0 leather armour
rPois    .         Reflect  .   c - +0 helmet
rElec    .         Harm     .   (no cloak)
rCorr    .         Rampage  .   j - +0 pair of gloves {Stlth+}
Will     .....                  (no boots)
Stlth    +.........             (no amulet)
HPRegen  0.16/turn              (no ring)
MPRegen  0.10/turn              (no ring)

@: glowing
A: (nimble swimmer 2), mertail
a: Renounce Religion


You were on level 4 of the Dungeon.
You worshipped the Shining One.
The Shining One was noncommittal.
You visited 1 branch of the dungeon, and saw 4 of its levels.

You collected 132 gold pieces.
You spent 105 gold pieces at shops.

Inventory:

Hand Weapons
 a - a +1 trident (weapon)
Missiles
 d - 3 throwing nets (quivered)
Armour
 b - a +0 leather armour (worn)
 c - a +0 helmet (worn)
 i - a +0 kite shield of resistance
 j - a +0 pair of gloves of stealth (worn)
Jewellery
 k - the amulet of Plog {Spirit rElec rC- rN++ SInv}
   (You found it on level 4 of the Dungeon)

   [amulet of guardian spirit]

   It causes incoming damage to be split between your health and magic.
   It makes you vulnerable to cold.
   It insulates you from electricity.
   It greatly protects you from negative energy.
   It lets you see invisible.
Wands
 h - a wand of random effects (8)
Scrolls
 n - a scroll of teleportation
Potions
 e - a potion of flight
 f - a potion of curing
 g - a potion of haste
 m - a potion of might


   Skills:
 + Level 3.7 Fighting
 + Level 5.9 Polearms
 - Level 2.0 Throwing
 + Level 1.8 Armour
 + Level 5.4 Dodging
 + Level 1.6 Shields


You had 5 spell levels left.
You didn't know any spells.
Your spell library contained the following spells:

 Spells                   Type           Power      Damage    Failure   Level
 Animate Skeleton         Necr           0%         N/A       47%         1
 Apportation              Tloc           0%         N/A       47%         1
 Corona                   Hex            0%         N/A       47%         1
 Magic Dart               Conj           0%         1d3       47%         1
 Summon Small Mammal      Summ           0%         N/A       47%         1
 Blink                    Tloc           N/A        N/A       63%         2
 Call Imp                 Summ           0%         N/A       63%         2
 Slow                     Hex            0%         N/A       63%         2
 Conjure Flame            Conj/Fire      0%         6-21      85%         3
 Mephitic Cloud           Conj/Pois/Air  0%         N/A       85%         3


Dungeon Overview and Level Annotations

Branches:
Dungeon (4/15)
 Temple: D:4-7

Altars:
Dithmenos
Nemelex Xobeh
Trog
Xom
The Shining One

Shops:
D:3 *

Annotations:
D:2 Natasha
D:4 Eustachio


Innate Abilities, Weirdness & Mutations

((You are quick and stealthy while swimming. (Stealth+, EV+, Speed+++)))
Your lower body shifts to a powerful aquatic tail in water.


Message History

The quasit bites you. The quasit barely misses you. The quasit claws you.
You feel clumsy.
Reach: a) +1 trident
Press: ? - help, Dir - move target, f/p - Eustachio
Aim: Eustachio, wielding a +0 rapier and wearing a +0 leather armour (moderately wounded, about 49% to evade your +1 trident)
The quasit is in the way.
You hit the quasit but do no damage.
The quasit is moderately wounded.
The quasit bites you but does no damage.
The quasit claws you but does no damage.
The quasit completely misses you.
Reach: a) +1 trident
Press: ? - help, Dir - move target, f/p - Eustachio
Aim: Eustachio, wielding a +0 rapier and wearing a +0 leather armour (moderately wounded, about 49% to evade your +1 trident)
You reach to attack!
You miss Eustachio.
Eustachio is moderately wounded.
The quasit disappears in a puff of smoke!
Reach: a) +1 trident
Press: ? - help, Dir - move target, f/p - Eustachio
Aim: Eustachio, wielding a +0 rapier and wearing a +0 leather armour (grey smoke, moderately wounded, haloed, about 31% to evade your +1 trident)
You puncture Eustachio!
Eustachio is heavily wounded.
Eustachio closely misses you.
You hit Eustachio.
Eustachio is heavily wounded.
Eustachio closely misses you.
You closely miss Eustachio.
Eustachio is heavily wounded.
Eustachio gestures wildly while chanting.
You barely miss Eustachio.
Eustachio is heavily wounded.
Eustachio hits you with a +0 rapier. The river rat closely misses you.
Unknown command.
You hit Eustachio.
Eustachio is heavily wounded.
Eustachio hits you with a +0 rapier. The river rat bites you!
* * * LOW HITPOINT WARNING * * *
You hit Eustachio but do no damage.
Eustachio is heavily wounded.
Eustachio hits you with a +0 rapier!
You die...

# . # .# .# ..
#.#.# #.#
########...### #.#
##..Z.(.w......
##.##
#..5..5.†......
##...##
#..#######..###
###.....#######5w#
..#
#..........r@@55Z#
.#
#.#.....#######r##
.# #.##...## #.# #
#.###.## #.#
#####.###.# #.#
..........# #.#
#####.######## #.#
#........#### #.#
########....#


You could see Eustachio, a worm, 2 river rats, 2 shadow imps, an ufetubus
(summoned) and a quokka skeleton.

Vanquished Creatures
  A bullfrog zombie (D:4)
  Natasha (twice) (D:2)
  2 orc wizards (D:4)
  2 adders (D:3)
  3 worms
  2 dart slugs
  8 orcs
  6 bats
  11 endoplasms
  2 giant cockroaches (D:2)
  6 goblins
  8 hobgoblins
  12 jackals
  11 kobolds
  2 ball pythons
  4 frilled lizards
  6 rats
88 creatures vanquished.

Vanquished Creatures (others)
  3 plants (D:3)
3 creatures vanquished.

Grand Total: 91 creatures vanquished

Notes
Turn   | Place    | Note
-------+----------+-------------------------------------------
     0 | D:1      | Demosthentine the Merfolk Gladiator began the quest for the
                  | Orb.
     0 | D:1      | Reached XP level 1. HP: 16/16 MP: 1/1
    61 | D:1      | Reached XP level 2. HP: 23/23 MP: 2/2
   495 | D:1      | Reached XP level 3. HP: 28/28 MP: 3/3
   699 | D:1      | Reached skill level 5 in Polearms
   991 | D:2      | Reached skill level 1 in Armour
  1032 | D:2      | Noticed Natasha
  1048 | D:2      | Reached XP level 4. HP: 6/35 MP: 4/4
  1049 | D:2      | HP: 1/35 [Natasha (6)]
  1050 | D:2      | Killed Natasha
  1517 | D:2      | Found a shadowy altar of Dithmenos.
  1522 | D:2      | Noticed Natasha
  1530 | D:2      | Killed Natasha
  1531 | D:2      | Reached skill level 5 in Dodging
  1655 | D:2      | Found a shimmering altar of Xom.
  1683 | D:2      | Reached XP level 5. HP: 41/41 MP: 5/5
  1886 | D:2      | Found a sparkling altar of Nemelex Xobeh.
  1889 | D:2      | Found a glowing golden altar of the Shining One.
  2288 | D:2      | Found a bloodstained altar of Trog.
  2298 | D:2      | Became a worshipper of the Shining One
  2303 | D:2      | Noticed Natasha
  2336 | D:3      | Reached skill level 1 in Shields
  2544 | D:3      | Found Cuheakaf's Assorted Antiques.
  2553 | D:3      | Bought 2 amethyst potions for 39 gold pieces
  2553 | D:3      | Bought 2 scrolls labelled DEUBYAL PANKO for 44 gold pieces
  2553 | D:3      | Bought a scroll labelled COCUYT TAROEX for 22 gold pieces
  2681 | D:3      | Found a faded altar of an unknown god.
  2941 | D:4      | Reached XP level 6. HP: 39/48 MP: 6/6
  3021 | D:4      | Identified the amulet of Plog {Spirit rElec rC- rN++ SInv}
  3122 | D:4      | Noticed Eustachio
  3155 | D:4      | Slain by Eustachio

Illustrated notes

Levels and vault maps discovered:
D:1:      matt_arrival_diagonals, layout_basic
D:2:      layout_basic, overflow_temple_1_default,
          nicolae_overflow_hidden_temple, uniq_natasha
D:3:      layout_rooms, serial_shops, shop, chequers_ecumenical_altar_lobes,
          hangedman_decor_clover_reticule
D:4:      layout_loops_ring, old_standard_altar, serial_shops, shop,
          minmay_circle_x, uniq_eustachio

Skill      XL: |  1  2  3  4  5 |
---------------+----------------+-----
Polearms       | 5 |  5.9
Armour         | 1 |  1.8
Fighting       | 3 |  3.7
Dodging        | 5 |  5.4
Shields        | 1 |  1.6
Throwing       | |  2.0

Action                   |  1- 3 |  4- 6 || total
-------------------------+-------+-------++-------
Melee: Trident           |   130 |   160 ||   290
  Use: Scroll            |     1 |     6 ||     7
       Potion            |       |     3 ||     3
 Stab: Sleeping          |     1 |     2 ||     3
Armor: Leather armour    |    31 |    35 ||    66
Dodge: Dodged            |    98 |    85 ||   183

Table legend: (Time is in decaauts)
 A = Elapsed time spent in this place.
 B = Non-inter-level travel time spent in this place.
 C = Inter-level travel time spent in this place.
 D = Time resting spent in this place.
 E = Time spent auto-exploring this place.
 F = Levels seen in this place.
 G = Mean time per level.
                   A        B        C        D        E       F      G
               +--------+--------+--------+--------+--------+-----+--------+
         Total |   3152 |   3093 |     59 |    428 |   2114 |   4 |  788.0 |
       Dungeon |   3152 |   3093 |     59 |    428 |   2114 |   4 |  788.0 |
               +--------+--------+--------+--------+--------+-----+--------+

Top non-repeatable levels by time:
     D:2: 1057 daAuts
     D:1: 973 daAuts
     D:3: 758 daAuts
     D:4: 363 daAuts
